 Dungeon Crawl Stone Soup version 0.30-a0-1002-ga41ad49a19 (webtiles) character file.

Game seed: 2552610970400670222

723 Lavandula the Caller (level 7, -15/51 HPs)
             Began as a Gnoll Summoner on Apr 5, 2023.
             Was a Believer of Yredelemnul.
             Killed by an exploding themself (36 damage)
             ... ignited by their inner flame
             ... on level 4 of the Dungeon.
             The game lasted 00:11:12 (5456 turns).

Lavandula the Caller (Gnoll Summoner)               Turns: 5456, Time: 00:11:13

Health: -15/51     AC:  7    Str:  7    XL:     7   Next: 71%
Magic:  6/15       EV: 11    Int: 16    God:    Yredelemnul [**....]
Gold:   67         SH:  0    Dex: 13    Spells: 8/17 levels left

rFire   . . .      SeeInvis .    x - +4 quarterstaff (chaos)
rCold   . . .      Faith    .    (shield currently unavailable)
rNeg    . . .      Spirit   .    k - +0 ring mail
rPois   .          Reflect  .    h - +0 helmet
rElec   .          Rampage  .    g - +0 cloak
rCorr   .                        (no gloves)
Will    .....                    (no boots)
Stlth   ++                       (no amulet)
HPRegen 0.28/turn                (no ring)
MPRegen 0.14/turn                (no ring)

@: no status effects
A: fangs 1, strong nose, distributed training
a: Renounce Religion, Recall Undead Harvest, Dark Bargain


You were on level 4 of the Dungeon.
You worshipped Yredelemnul.
Yredelemnul was noncommittal.
You visited 2 branches of the dungeon, and saw 5 of its levels.
You also visited: Ossuary.

You collected 215 gold pieces.
You spent 148 gold pieces at shops.

Inventory:

Hand Weapons
 c - a +0 dagger
 l - a +0 long sword
 s - a +0 falchion
 x - a +4 quarterstaff of chaos (weapon)
Armour
 a - a +0 robe
 g - a +0 cloak (worn)
 h - a +0 helmet (worn)
 k - a +0 ring mail (worn)
Jewellery
 i - a ring of fire
 o - a ring of positive energy
Wands
 B - a wand of polymorph (6)
Scrolls
 d - 8 scrolls of identify
 e - a scroll of fog {unknown}
 f - a scroll of poison {unknown}
 j - 2 scrolls of enchant armour {unknown}
 u - 2 scrolls of blinking {unknown}
 w - 2 scrolls of enchant weapon {unknown}
 y - 3 scrolls of teleportation {unknown}
 C - 3 scrolls of magic mapping
 D - 2 scrolls of fear {unknown}
Potions
 b - 3 potions of magic
 m - 2 potions of cancellation {unknown}
 n - 3 potions of flight {unknown}
 p - 3 potions of lignification {unknown}
 q - 4 potions of brilliance
 r - 4 potions of heal wounds {unknown}
 t - 3 potions of curing {unknown}
 v - a potion of might {unknown}
 z - 2 potions of haste {unknown}
 A - 2 potions of invisibility {unknown}
 E - a potion of attraction {unknown}
 F - a potion of mutation {unknown}


   Skills:
 + Level 2.7 Fighting
 + Level 2.7 Short Blades
 + Level 2.7 Long Blades
 + Level 2.7 Axes
 + Level 2.7 Maces & Flails
 + Level 2.7 Polearms
 + Level 2.7 Staves
 + Level 2.7 Ranged Weapons
 + Level 2.7 Throwing
 + Level 2.7 Armour
 + Level 5.4 Dodging
 + Level 5.0 Stealth
 + Level 2.7 Shields
 + Level 2.7 Unarmed Combat
 + Level 5.7 Spellcasting
 + Level 2.2 Conjurations
 + Level 2.2 Hexes
 + Level 7.5 Summonings
 + Level 2.2 Necromancy
 + Level 2.2 Translocations
 + Level 2.2 Transmutations
 + Level 2.2 Fire Magic
 + Level 2.2 Ice Magic
 + Level 2.2 Air Magic
 + Level 2.2 Earth Magic
 + Level 2.2 Poison Magic
 + Level 3.0 Invocations
 + Level 2.7 Evocations


You had 8 spell levels left.
You knew the following spells:

 Your Spells              Type           Power      Damage    Failure   Level
a - Summon Small Mammal   Summ           100%       N/A       1%          1
b - Call Imp              Summ           28%        N/A       3%          2
c - Call Canine Familiar  Summ           28%        N/A       6%          3
d - Summon Guardian Gole  Hex/Summ       20%        N/A       19%         3

Your spell library contained the following spells:

 Spells                   Type           Power      Damage    Failure   Level
 Summon Ice Beast         Ice/Summ       20%        N/A       52%         4
 Summon Lightning Spire   Summ/Air       20%        N/A       52%         4
 Summon Mana Viper        Hex/Summ       20%        N/A       86%         5
 Monstrous Menagerie      Summ           14%        N/A       100%        7


Dungeon Overview and Level Annotations

Branches:
Dungeon (4/15)             Temple (1/1) D:4         Ossuary (visited)

Altars:
Ashenzari
Cheibriados
Elyvilon
Fedhas
Kikubaaqudgha
Nemelex Xobeh
Qazlal
Ru
Vehumet
Xom
Yredelemnul
The Shining One

Shops:
D:2 *   D:3 *

Annotations:
D:3 exclusion: 3 doors, Natasha


Innate Abilities, Weirdness & Mutations

You have very sharp teeth.
Your uncanny sense of smell can sniff out nearby items.
Your experience applies equally to all skills.


Message History

The dead are walking!
The orc wizard mumbles some strange words.
The orc wizard flickers and vanishes!
Deactivating autopickup; reactivate with Ctrl-A.
The orc throws a boomerang.
The boomerang hits your guardian golem. Flame seeps out of your guardian golem.
Your gnoll zombie barely misses the orc.
You can now trade souls for undead servants.
Your quokka bites the orc.
Your guardian golem is engulfed in blazing flames.
Flame seeps out of your guardian golem.
Unknown command.
Your quokka bites the orc.
The orc dies!
Your guardian golem is engulfed in blazing flames.
Flame seeps out of your guardian golem.
Your gnoll zombie barely misses something.
Your quokka closely misses something.
Your bat hits something.
Your gnoll zombie closely misses something.
Something hits your bat. Flame seeps out of your guardian golem.
Your bat barely misses something.
Your guardian golem is engulfed in blazing flames.
Flame seeps out of your guardian golem.
You start resting.
Your bat hits something.
You start resting.
A puff of flame appears from out of thin air!
The puff of flame hits your white imp!!
Your white imp is burned terribly!
Your guardian golem disappears in a puff of smoke!
Your guardian golem explodes!
The fiery explosion engulfs your hobgoblin zombie!
Your hobgoblin zombie is destroyed!
The fiery explosion engulfs your ball python zombie!!
Your ball python zombie is destroyed!
The fiery explosion engulfs your adder zombie!!
The fiery explosion engulfs you!!!
Ouch! That really hurt!
You die...
Your body rises from the dead as a mindless zombie.

#.###..###..#.......
#####..###.....###.....#
#..(...##.......#..###..
#......#............#...
####.......##.....#........
#........#.###...##........
#.)...####........#........
#.....####........+....#...
#.......§§@.......##..###..
#.......§§§Z...######.# #.#
#.......§Z5....# ### ###
#.......Z.rb...#
#.......Z......#
#####......##### ##
#...Z)##∆ ##Z #...))# ∆
###Z.
#....)'..oo_#######Z.Z#


You could see a friendly white imp (summoned, sheltered), a friendly adder
zombie (sheltered), a friendly goblin zombie (sheltered), a friendly gnoll
zombie (sheltered), 2 friendly orc priest zombies, a friendly quokka (summoned,
sheltered) and a friendly bat (summoned, sheltered).

Vanquished Creatures
  A wraith (Ossuary)
  An orc priest (D:4)
  An iguana (D:4)
  An orc wizard (D:3)
  4 mummies
  2 adders
  A white imp (D:4)
  A worm (D:2)
  4 dart slugs
  9 orcs
  6 endoplasms
  A giant cockroach (D:1)
  6 goblins
  7 hobgoblins
  3 quokkas
  4 ball pythons
  7 bats
  A frilled lizard (D:2)
  A gnoll zombie (Ossuary)
  2 goblin zombies (Ossuary)
  2 hobgoblin zombies (Ossuary)
  3 kobolds (D:2)
  2 kobold zombies (Ossuary)
  2 orc zombies (Ossuary)
  2 rats (D:2)
74 creatures vanquished.

Vanquished Creatures (collateral kills)
  An ogre (D:4)
  A scorpion (D:4)
  An orc priest (D:4)
  Crazy Yiuf (D:2)
  An iguana (D:2)
  Natasha (twice) (D:3)
  2 gnolls (D:4)
  An adder (D:3)
  A dart slug (D:1)
  An orc (D:4)
  3 ball pythons
  2 bats (D:1)
  2 endoplasms
  2 goblins
  2 hobgoblins (D:1)
  A jackal (D:3)
  A frilled lizard (D:3)
  A goblin zombie (Ossuary)
  A hobgoblin zombie (Ossuary)
  A kobold zombie (Ossuary)
  A rat (D:1)
29 creatures vanquished.

Vanquished Creatures (others)
  An orc wizard (D:4)
  A ball python zombie (D:4)
  A hobgoblin zombie (D:4)
3 creatures vanquished.

Grand Total: 106 creatures vanquished

Notes
Turn   | Place    | Note
-------+----------+-------------------------------------------
     0 | D:1      | Lavandula the Gnoll Summoner began the quest for the Orb.
     0 | D:1      | Reached XP level 1. HP: 13/13 MP: 6/6
   157 | D:1      | Reached XP level 2. HP: 13/19 MP: 4/7
   613 | D:1      | Reached skill level 5 in Spellcasting
   613 | D:1      | Reached XP level 3. HP: 20/25 MP: 5/9
  1336 | D:2      | Reached skill level 1 in Invocations
  1439 | D:2      | Learned a level 2 spell: Call Imp
  1443 | D:2      | Learned a level 3 spell: Call Canine Familiar
  1515 | D:2      | Reached skill level 1 in Fighting
  1515 | D:2      | Reached skill level 1 in Short Blades
  1515 | D:2      | Reached skill level 1 in Long Blades
  1515 | D:2      | Reached skill level 1 in Axes
  1515 | D:2      | Reached skill level 1 in Maces & Flails
  1515 | D:2      | Reached skill level 1 in Polearms
  1515 | D:2      | Reached skill level 1 in Staves
  1515 | D:2      | Reached skill level 1 in Ranged Weapons
  1515 | D:2      | Reached skill level 1 in Throwing
  1515 | D:2      | Reached skill level 1 in Armour
  1515 | D:2      | Reached skill level 1 in Shields
  1515 | D:2      | Reached skill level 1 in Unarmed Combat
  1515 | D:2      | Reached skill level 1 in Evocations
  1609 | D:2      | Found Upnoheaz's General Store.
  1614 | D:2      | Bought a scroll of identify for 22 gold pieces
  1614 | D:2      | Bought a potion of brilliance for 44 gold pieces
  1774 | D:2      | Reached XP level 4. HP: 23/32 MP: 3/11
  2100 | D:2      | Reached skill level 1 in Conjurations
  2100 | D:2      | Reached skill level 1 in Hexes
  2100 | D:2      | Reached skill level 1 in Necromancy
  2100 | D:2      | Reached skill level 1 in Translocations
  2100 | D:2      | Reached skill level 1 in Transmutations
  2100 | D:2      | Reached skill level 1 in Fire Magic
  2100 | D:2      | Reached skill level 1 in Ice Magic
  2100 | D:2      | Reached skill level 1 in Air Magic
  2100 | D:2      | Reached skill level 1 in Earth Magic
  2100 | D:2      | Reached skill level 1 in Poison Magic
  2353 | D:2      | Found a runed translucent door.
  2354 | D:2      | Noticed Crazy Yiuf
  2671 | D:2      | Killed Crazy Yiuf
  2672 | D:2      | Reached XP level 5. HP: 28/37 MP: 0/12
  2824 | D:3      | Found Jutihuok's Assorted Antiques.
  2936 | D:3      | Noticed Natasha
  2972 | D:3      | Killed Natasha
  3302 | D:3      | Found a faded altar of an unknown god.
  3308 | D:3      | Noticed Natasha
  3316 | D:3      | Killed Natasha
  3349 | D:3      | Reached XP level 6. HP: 27/44 MP: 13/13
  3608 | D:3      | Noticed Natasha
  3633 | D:3      | jackal
  3736 | D:4      | Found a staircase to the Ecumenical Temple.
  3754 | Temple   | Entered the Ecumenical Temple
  3786 | Temple   | Became a worshipper of Yredelemnul the Dark
  3830 | D:4      | Reached skill level 5 in Dodging
  3846 | D:4      | Found a sand-covered staircase.
  3856 | Ossuary  | Entered an ossuary
  3856 | Ossuary  | Noticed a wraith
  3856 | Ossuary  | Noticed a wraith
  3856 | Ossuary  | Noticed a wraith
  3986 | Ossuary  | Noticed a wraith
  4013 | Ossuary  | Killed a wraith
  4014 | Ossuary  | Reached XP level 7. HP: 48/51 MP: 1/15
  4026 | Ossuary  | Learned a level 3 spell: Summon Guardian Golem
  4419 | D:2      | Bought a scroll of magic mapping for 82 gold pieces
  4805 | D:4      | Reached skill level 5 in Stealth
  4994 | D:4      | Reached * piety under Yredelemnul
  5451 | D:4      | Reached ** piety under Yredelemnul
  5456 | D:4      | Killed by an exploding themself... ignited by their inner
                  | flame

Illustrated notes

#.# #..# #.# #... ...≈≈ #.#
#.#. #..≈≈ #.# ##..# #..≈≈##
##.## #..## .≈≈≈#
##...###.#.# ≈≈≈##
#.....##.##.
########≈≈#######........###
.......#≈≈#@...).)..).#### #
.......+....######...##
.......+.).## #####
![.....+...# ..h....#≈≈##
########≈≈# ≈≈## ≈≈≈# .≈≈##


Turn 3633 on D:3: jackal

Levels and vault maps discovered:
D:1:      lightli_arrival_statuegarden, layout_basic, minmay_split_cup_large
D:2:      layout_loops_corners, serial_shops, nicolae_shop_hallway_plus,
          uniq_crazy_yiuf_cottage
D:3:      kennysheep_goblin_castle, layout_loops_ring,
          shapermc_ecumenical_altar_starsandcircs, serial_shops,
          nicolae_shop_temple_entry_statues_fountains, uniq_natasha
D:4:      nicolae_cairo_tiling_large_dashed, layout_basic,
          minmay_temple_entry_large_hall, gup_ossuary_entry_pyramid,
          kennysheep_orc_chapel
Temple:   chequers_temple_sunken

Skill      XL: |  1  2  3  4  5  6  7 |
---------------+----------------------+-----
Spellcasting   | 5 |  5.7
Invocations    | 1 2 3 |  3.0
Fighting       | 1 2 |  2.7
Short Blades   | 1 2 |  2.7
Long Blades    | 1 2 |  2.7
Axes           | 1 2 |  2.7
Maces & Flails | 1 2 |  2.7
Polearms       | 1 2 |  2.7
Staves         | 1 2 |  2.7
Ranged Weapons | 1 2 |  2.7
Throwing       | 1 2 |  2.7
Armour         | 1 2 |  2.7
Shields        | 1 2 |  2.7
Unarmed Combat | 1 2 |  2.7
Evocations     | 1 2 |  2.7
Conjurations   | 1 2 |  2.2
Hexes          | 1 2 |  2.2
Necromancy     | 1 2 |  2.2
Translocations | 1 2 |  2.2
Transmutations | 1 2 |  2.2
Fire Magic     | 1 2 |  2.2
Ice Magic      | 1 2 |  2.2
Air Magic      | 1 2 |  2.2
Earth Magic    | 1 2 |  2.2
Poison Magic   | 1 2 |  2.2
Dodging        | 5 |  5.4
Stealth        | 5 |  5.0
Summonings     | |  7.5

Action                     |  1- 3 |  4- 6 |  7- 9 || total
---------------------------+-------+-------+-------++-------
  Melee: Unarmed           |     7 |       |       ||     7
         Bite              |     7 |    12 |     8 ||    27
         Dagger            |    40 |       |       ||    40
         Punch             |     1 |     1 |       ||     2
         Long sword        |    31 |       |       ||    31
         Falchion          |    25 |    13 |       ||    38
         Quarterstaff      |       |    71 |    48 ||   119
   Cast: Summon Small Mamm |    12 |     5 |     6 ||    23
         Call Imp          |     2 |    14 |     3 ||    19
         Call Canine Famil |     1 |    14 |     3 ||    18
         Summon Guardian G |       |       |     2 ||     2
 Invoke: Recall Undead Har |       |       |     1 ||     1
   Stab: Sleeping          |     9 |     2 |     5 ||    16
         Distracted        |       |     2 |       ||     2
         Paralysed         |       |     1 |       ||     1
         Petrified         |       |       |     5 ||     5
         Petrifying        |       |       |     1 ||     1
 Armour: Robe              |    15 |       |       ||    15
         Ring mail         |    29 |    25 |    12 ||    66
  Dodge: Dodged            |    63 |    38 |    20 ||   121

Table legend: (Time is in decaauts)
 A = Elapsed time spent in this place.
 B = Non-inter-level travel time spent in this place.
 C = Inter-level travel time spent in this place.
 D = Time resting spent in this place.
 E = Time spent auto-exploring this place.
 F = Levels seen in this place.
 G = Mean time per level.
                   A        B        C        D        E       F      G
               +--------+--------+--------+--------+--------+-----+--------+
         Total |   5505 |   5094 |    411 |    513 |   3189 |   6 |  917.5 |
       Dungeon |   4999 |   4615 |    384 |    414 |   3168 |   4 | 1249.8 |
        Temple |     63 |     37 |     26 |      0 |     21 |   1 |   63.0 |
       Ossuary |    442 |    442 |      0 |     99 |      0 |   1 |  442.0 |
               +--------+--------+--------+--------+--------+-----+--------+

Top non-repeatable levels by time:
     D:2: 1414 daAuts
     D:1: 1316 daAuts
     D:3: 1288 daAuts
     D:4: 979 daAuts
 Ossuary: 442 daAuts
  Temple: 63 daAuts
